 Dungeon Crawl Stone Soup version 0.21.1-1-g345015f (webtiles) character file.

610775 nightchill the Slayer (level 26, -5/286 (287) HPs)
             Began as a Minotaur Fighter on June 24, 2018.
             Was a Believer of Uskayaw.
             Slain by an acid blob (11 damage)
             ... on level 1 of the Realm of Zot on June 30, 2018.
             The game lasted 06:08:22 (82047 turns).

nightchill the Slayer (Minotaur Fighter)           Turns: 82047, Time: 06:08:23

HP:   -5/286 (287)  AC: 17    Str: 34    XL:     26   Next: 75%
MP:   32/35         EV: 21    Int:  9    God:    Uskayaw [**....]
Gold: 6875          SH: 15    Dex: 12    Spells: 24/25 levels left

rFire    + + +     SeeInvis .   a - +4 broad axe (flame)
rCold    + + .     Gourm    .   c - +0 shield
rNeg     + . .     Faith    +   g - +10 gold dragon scales
rPois    +         Spirit   .   (helmet restricted)
rElec    +         Reflect  .   x - +1 cloak of Starlight {rElec rC+ EV+4 Stlth--}
rCorr    .         Harm     .   E - +1 pair of gloves "Qioleet" {rF+}
MR       ++...                  T - +0 pair of boots
Stlth    ..........             n - amulet of faith
HPRegen  0.57/turn              h - ring of Xom's Malicious Joy {rPois rN+ Str+3 Int+4 Stlth+}
MPRegen  0.24/turn              D - ring of protection from magic

@: corroded, berserk cooldown, slowed, very slow
A: retaliatory headbutt, horns 2, yellow scales 1, deterioration 1, fire
resistance 1, mutation resistance 1, robust 1, no potion heal 1
}: 3/15 runes: serpentine, barnacled, silver
a: Stomp, Line Pass, Renounce Religion


You were on level 1 of the Realm of Zot.
You worshipped Uskayaw.
Uskayaw was most pleased with you.
You were not hungry.

You visited 10 branches of the dungeon, and saw 46 of its levels.
You visited the Abyss 2 times.
You visited 1 bazaar.

You collected 7713 gold pieces.
You spent 838 gold pieces at shops.

Inventory:

Hand Weapons
 a - a +4 broad axe of flaming (weapon)
 b - a +5 fustibalus of velocity
 w - a +2 antimagic broad axe
Missiles
 k - 1370 stones
 t - 65 sling bullets
 A - 95 tomahawks (quivered)
Armour
 c - a +0 shield (worn)
 d - a +2 hat of see invisible
 g - +10 gold dragon scales (worn)
 x - the +1 cloak of Starlight (worn) {rElec rC+ EV+4 Stlth--}
   (You found it on level 4 of the Dungeon)

   It affects your evasion (+4).
   It protects you from cold.
   It insulates you from electricity.
   It makes you much less stealthy.
 E - the +1 pair of gloves "Qioleet" (worn) {rF+}
   (You found it on level 2 of the Elven Halls)

   It protects you from fire.
 T - a +0 pair of boots (worn)
Jewellery
 h - the ring of Xom's Malicious Joy (left hand) {rPois rN+ Str+3 Int+4 Stlth+}
   (You acquired it on level 3 of the Lair of Beasts)

   [ring of poison resistance]

   It affects your strength (+3).
   It affects your intelligence (+4).
   It protects you from poison.
   It protects you from negative energy.
   It makes you more stealthy.
 n - an amulet of faith (around neck)
 r - an uncursed ring of protection from magic
 u - an uncursed ring of magical power
 D - a ring of protection from magic (right hand)
 N - an uncursed ring of positive energy
Wands
 l - a wand of acid (20)
 y - a wand of enslavement (30)
 G - a wand of disintegration (27)
 I - a wand of flame (28)
 O - a wand of scattershot (4)
 P - a wand of paralysis (31)
 Q - a wand of digging (26)
Scrolls
 e - 22 scrolls of remove curse
 o - 3 scrolls of magic mapping
 z - 3 scrolls of brand weapon
 B - 6 scrolls of teleportation
 K - 11 scrolls of identify
 L - a scroll of enchant weapon
 S - 4 scrolls of amnesia
 U - 7 scrolls of fear
 W - a scroll of blinking
 Y - 4 scrolls of fog
 Z - 5 scrolls of immolation
Potions
 i - 6 potions of magic
 j - 5 potions of agility
 m - 3 potions of mutation
 s - 3 potions of flight
 v - 2 potions of berserk rage
 H - 3 potions of cancellation
 J - 6 potions of lignification
 M - 22 potions of curing
 V - 6 potions of might
 X - 3 potions of resistance
Miscellaneous
 p - 2 phantom mirrors
 C - 2 sacks of spiders
 F - a lamp of fire
 R - a phial of floods (inert)
Comestibles
 f - 56 rations
 q - 4 chunks of flesh


   Skills:
 * Level 26.2 Fighting
 + Level 23.8 Axes
 - Level 14.0 Slings
 - Level 12.0 Armour
 * Level 21.8 Dodging
 - Level 15.0 Shields
 - Level 3.1 Summonings
 - Level 18.5 Invocations
 - Level 10.0 Evocations


You had 24 spell levels left.
You knew the following spells:

 Your Spells              Type           Power        Failure   Level  Hunger
a - Summon Butterflies    Summ           #.......     86%         1    ##.....


Dungeon Overview and Level Annotations

Branches:
Dungeon (15/15)            Temple (1/1) D:4            Lair (5/6) D:9
 Shoals (4/4) Lair:3        Snake (4/4) Lair:2        Slime (0/5) Lair:5
    Orc (2/2) D:10            Elf (3/3) Orc:2        Vaults (5/5) D:13
  Crypt (0/3) Vaults:3     Depths (5/5) D:15            Zot (2/5) Depths:5

Altars:
Ashenzari
Cheibriados
Dithmenos
Elyvilon
Fedhas
Gozag
Hepliaklqana
Kikubaaqudgha
Makhleb
Nemelex Xobeh
Okawaru
Qazlal
Ru
Sif Muna
Trog
Uskayaw
Vehumet
Wu Jian
Xom
Yredelemnul
Zin
The Shining One
Beogh
Jiyva

Shops:
D:6 *   Orc:2 (![*[[%   Elf:3 *   Vaults:3 [(   Vaults:5 %   Depths:3 *[!%

Portals:
Hell: Depths:1 Depths:2 Depths:3 Depths:4 Depths:5
Abyss: Depths:4
Pandemonium: Depths:2 Depths:3 Depths:5
Ziggurat: Depths:5
Trove: Depths:5 (give +6 demon blade)

Annotations:
D:7 exclusion: downstairs
D:9 exclusion: ice statue
Lair:1 exclusions: downstairs and oklob plant
Lair:5 exclusion: oklob plant
Shoals:3 exclusion: Roxanne, Roxanne
Snake:1 exclusion: 2 downstairs
Elf:2 exclusions: door and 1 more exclusion
Depths:2 1 exclusion
Zot:2 exclusion: oklob plant


Innate Abilities, Weirdness & Mutations

You reflexively headbutt those who attack you in melee.
You have a pair of horns on your head.
You are partially covered in yellow scales. (AC +2)
Your body sometimes deteriorates upon taking damage.
Your flesh is heat resistant. (rF+)
You are somewhat resistant to further mutation.
You are robust. (+10% HP)
Potions are less effective at restoring your health.


Message History

a rapier; a cloak
Things that are here:
a great mace of protection; a cloak; a yellow draconian skeleton You feel your anger nearly subside.
You are no longer berserk.
You are exhausted.
You feel yourself slow down.
There is a stone staircase leading up here.
You block the acid blob's attack.
You climb upwards.
There is a stone staircase leading down here.
Aiming: Line Pass
Press: ? - help, Dir - move target cursor The acid blob appears confused.
You feel somewhat more hungry. You block the acid blob's attack.
You catch the helpless acid blob completely off-guard!
You hit the acid blob. You burn the acid blob.
Your hands burn!
* * * LOW HITPOINT WARNING * * *
The acid blob is moderately wounded.
The acid blob seems less confused.
The acid blob hits you!
You die...

############.#...............#
#...##............).#
#..................##
#..................#
###...............[####
#.##............#)).#
#.###.............))##
#.##..>............)..
#.#..@................
#....J.#####..........
##......# ###########
#...⌠...# #.......# #....####
##...# #####


You could see an acid blob.

Vanquished Creatures
  2 orbs of fire (Zot:2)
  3 ancient liches
  Sojobo (Vaults:5)
  Jory (Vaults:3)
  The ghost of emiel the Severer, a veteran FoNe of Cheibriados (Vaults:1)
  3 golden dragons
  An electric golem (Zot:2)
  Jorgrun (Shoals:2)
  5 tentacled monstrosities
  6 liches
  A deep elf blademaster (Elf:2)
  3 quicksilver dragons
  Polyphemus (Shoals:2)
  4 acid blobs (Zot:2)
  Kirke (D:12)
  9 titans
  4 sphinxes
  5 shadow dragons
  4 death cobs
  An Executioner (Abyss:2)
  9 storm dragons
  8 tengu reavers
  Agnes (Elf:1)
  An azure jelly (shapeshifter) (Vaults:4)
  3 draconian monks
  10 nagarajas
  Ilsuiw (Shoals:4)
  7 draconian knights
  11 fire giants
  15 frost giants
  9 deep elf sorcerers
  An iron dragon (Vaults:5)
  Aizul (Shoals:3)
  3 draconian scorchers
  3 orc warlords
  13 vault wardens
  Louise (Shoals:2)
  2 deep elf elementalists
  18 ironheart preservers
  3 draconian shifters
  A spriggan defender (Depths:4)
  2 draconian annihilators
  26 very ugly things
  4 draconian stormcallers (Zot:2)
  24 stone giants
  2 entropy weavers
  3 war gargoyles
  5 black draconians
  5 vampire knights
  10 green draconians
  A caustic shrike skeleton (Depths:4)
  13 yellow draconians
  2 deep elf demonologists
  Nessos (D:13)
  Azrael (D:13)
  6 white draconians
  7 deep elf annihilators
  Snorg (D:13)
  6 red draconians
  8 purple draconians
  3 spark wasps (Depths:3)
  4 deep elf death magi
  16 fire dragons
  2 ettins (shapeshifter)
  5 merfolk impalers
  29 ettins
  2 deep elf high priests (Vaults:5)
  8 merfolk javelineers
  A crystal guardian (Abyss:2)
  11 ogre magi
  22 yaktaur captains
  39 vault guards
  Harold (D:12)
  14 great orbs of eyes
  3 hydras
  20 ice dragons
  5 merfolk avatars
  6 rakshasas
  5 spriggan air magi
  12 naga warriors
  3 alligator snapping turtles
  39 two-headed ogres
  7 anacondas
  2 catoblepae
  11 centaur warriors
  A two-headed ogre (shapeshifter) (Depths:4)
  22 dancing weapons
  The ghost of microfolk the Slicer, a journeyman KoBe of Trog (D:10)
  11 tengu warriors
  3 death knights
  5 merfolk aquamancers
  9 death yaks
  12 deep troll earth magi
  6 deep troll shamans
  3 vampire magi
  A queen ant (shapeshifter) (Depths:5)
  4 satyrs
  2 hell hogs
  5 spriggan berserkers
  2 thrashing horrors (Abyss:2)
  A soul eater (Depths:3)
  3 shock serpents
  Nergalle (Lair:4)
  20 deep elf knights
  21 naga sharpshooters
  3 iron trolls
  A storm dragon zombie (Depths:4)
  3 shadow wraiths
  A sun demon (Depths:2)
  A sixfirhy (Depths:2)
  2 wretched stars (Abyss:2)
  13 skeletal warriors
  A salamander mystic (Snake:3)
  6 hell knights
  A death drake (shapeshifter) (Vaults:5)
  2 flayed ghosts
  6 wizards
  2 storm dragon skeletons
  A deep troll (shapeshifter) (Elf:2)
  3 unseen horrors
  6 naga ritualists
  37 deep trolls
  15 sea snakes
  4 glowing orange brains
  A golden dragon skeleton (Abyss:3)
  An obsidian statue (Vaults:2)
  2 lindwurms (Depths:2)
  19 deep elf archers
  13 orc knights
  20 harpies
  10 ironbrand convokers
  5 wolf spiders
  51 deep elf magi
  14 manticores
  A mana viper (shapeshifter) (Elf:3)
  5 mana vipers
  A stone giant zombie (D:15)
  36 ugly things
  8 necromancers
  4 phantasmal warriors
  11 cyclopes
  10 fauns
  3 orc sorcerers
  10 moths of wrath
  9 large abominations
  A worldbinder (Abyss:2)
  9 salamanders
  10 elephants
  6 guardian serpents
  5 water nymphs
  13 vault sentinels
  Joseph (D:8)
  25 black mambas
  A human skeleton (Vaults:4)
  24 naga magi
  A stone giant skeleton (Vaults:4)
  A fire giant skeleton (D:15)
  7 merfolk sirens
  Maurice (D:8)
  3 rust devils
  2 gargoyles (Depths:3)
  A shock serpent skeleton (Abyss:3)
  7 spiny frogs
  2 smoke demons
  A yaktaur zombie (D:15)
  65 yaktaurs
  A kobold demonologist (D:11)
  3 elves (Depths:3)
  7 freezing wraiths
  2 tormentors
  5 komodo dragons
  2 hellwings
  18 merfolk
  A red devil (Depths:2)
  A tengu simulacrum (Vaults:4)
  2 trolls (shapeshifter)
  3 tengu conjurers
  A jumping spider (shapeshifter) (Vaults:4)
  3 hornets
  A polar bear (Lair:4)
  2 wind drakes
  5 trolls
  A harpy skeleton (D:14)
  10 blink frogs
  8 snapping turtles
  A meliai zombie (D:14)
  6 dream sheep
  11 hippogriffs
  27 slime creatures
  A blink frog (shapeshifter) (Vaults:1)
  Sigmund (D:5)
  9 air elementals
  2 stone giant simulacra
  A centaur simulacrum (D:12)
  11 water elementals
  2 redbacks (Vaults:1)
  A redback (shapeshifter) (Elf:2)
  3 wraiths
  A flying skull (Abyss:3)
  An ice dragon skeleton (D:15)
  3 vampires
  2 ynoxinuls
  2 shadows (D:11)
  9 fire elementals
  2 spriggans (Depths:5)
  25 yaks
  2 yaks (shapeshifter)
  A wyvern (Lair:4)
  3 fire bats (Abyss:3)
  3 hogs (D:12)
  A steam dragon (Lair:2)
  A basilisk (Lair:5)
  The ghost of iamserjio the Charmwright, an amateur GnSk (D:5)
  4 chaos spawn
  4 human simulacra
  6 wargs
  A naga (shapeshifter) (Depths:1)
  A hungry ghost (D:9)
  10 vampire mosquitoes
  2 elf skeletons
  A deep troll zombie (Vaults:4)
  A neqoxec (Abyss:2)
  A soldier ant (shapeshifter) (D:15)
  A swamp worm (shapeshifter) (Depths:1)
  61 nagas
  2 soldier ants
  9 hell hounds
  4 water moccasins
  2 floating eyes
  3 acid dragons
  6 porcupines
  44 orc warriors
  2 ice beasts
  4 sky beasts
  A sky beast (shapeshifter) (Depths:1)
  3 eyes of draining
  2 black bears
  2 black bears (shapeshifter)
  20 boggarts
  25 ogres
  12 wolves
  An eye of draining (shapeshifter) (Vaults:4)
  A necrophage (D:5)
  A phantom (D:6)
  11 starcursed masses
  9 small abominations
  24 centaurs
  13 crocodiles
  4 big kobolds
  14 bullfrogs
  4 earth elementals
  2 spectral wargs (Depths:3)
  8 scorpions
  10 killer bees
  4 howler monkeys
  6 crimson imps
  5 quasits
  4 centaur zombies
  9 hounds
  30 jellies
  4 bullfrog skeletons
  26 orc priests
  3 centaur skeletons
  2 iguanas
  9 worker ants
  34 orc wizards
  A hound skeleton (D:11)
  2 worker ant zombies
  12 adders
  A howler monkey skeleton (D:6)
  A river rat (D:6)
  A shadow imp (D:14)
  14 white imps
  5 ufetubi
  An ooze (D:3)
  An adder zombie (D:4)
  2 worms
  3 dart slugs
  2 leopard geckos
  153 orcs
  5 ball pythons
  8 giant cockroaches
  4 hobgoblins (D:1)
  28 jackals
  23 kobolds
  4 quokkas
  7 bats
  7 frilled lizards
  7 goblins
  A leopard gecko skeleton (D:7)
  A quokka skeleton (D:6)
  3 quokka zombies
  9 rats
  A bush (Lair:2)
  A fungus (Lair:3)
  13 plants
2238 creatures vanquished.

Vanquished Creatures (others)
  A vault guard (Vaults:5)
  A deep elf mage (Elf:1)
  A wizard (D:7)
  A tengu conjurer (Depths:2)
  A merfolk (Shoals:4)
  A water elemental (Shoals:2)
  A water moccasin (Depths:2)
  A wolf (Depths:3)
  An ogre (Vaults:4)
  A quasit (Elf:3)
  A fungus (Lair:3)
  16 plants
27 creatures vanquished.

Grand Total: 2265 creatures vanquished

Notes
Turn   | Place    | Note
-------+----------+-------------------------------------------
     0 | D:1      | nightchill the Minotaur Fighter began the quest for the Orb.
     0 | D:1      | Reached XP level 1. HP: 19/19 MP: 0/0
   250 | D:1      | Reached XP level 2. HP: 27/27 MP: 1/1
   306 | D:1      | Reached skill level 4 in Fighting
   692 | D:1      | Reached XP level 3. HP: 33/33 MP: 2/2
  1721 | D:3      | Found a glowing golden altar of the Shining One.
  1721 | D:3      | Found a shimmering altar of Xom.
  1722 | D:3      | Found a hazy altar of Hepliaklqana.
  1833 | D:3      | Reached XP level 4. HP: 41/41 MP: 3/3
  1878 | D:3      | Found an ornate altar of the Wu Jian Council.
  2152 | D:3      | Found a snail-covered altar of Cheibriados.
  2152 | D:3      | Found a shadowy altar of Dithmenos.
  2405 | D:4      | Reached skill level 5 in Axes
  2535 | D:4      | Noticed an ogre
  2546 | D:4      | Killed an ogre
  2546 | D:4      | Reached skill level 5 in Fighting
  2546 | D:4      | Reached XP level 5. HP: 15/48 MP: 4/4
  2865 | D:4      | Reached XP level 6. HP: 56/56 MP: 5/5
  3114 | D:4      | Found a staircase to the Ecumenical Temple.
  3124 | Temple   | Entered the Ecumenical Temple
  3140 | Temple   | Became a worshipper of Uskayaw the Reveler
  3240 | D:4      | Reached * piety under Uskayaw
  3299 | D:4      | Found a stormy altar of Qazlal.
  3299 | D:4      | Found a deep blue altar of Sif Muna.
  3324 | D:4      | Reached ** piety under Uskayaw
  3477 | D:4      | Reached *** piety under Uskayaw
  3478 | D:4      | Reached skill level 1 in Invocations
  3664 | D:4      | Found the +1 cloak of Starlight {rElec rC+ EV+4 Stlth--}
  3864 | D:5      | Entered Level 5 of the Dungeon
  3864 | D:5      | Noticed iamserjio's ghost (amateur GnSk)
  3870 | D:5      | Killed iamserjio's ghost
  3870 | D:5      | Reached skill level 6 in Fighting
  3870 | D:5      | Reached XP level 7. HP: 58/63 MP: 5/7
  3876 | D:5      | Got an ichor-stained cloak
  3900 | D:5      | Identified the +1 cloak of the Hidden Vale {SInv} (You found it on level 5 of the Dungeon)
  3984 | D:5      | Found a shattered altar of Ashenzari.
  4303 | D:5      | Noticed Sigmund
  4312 | D:5      | Killed Sigmund
  4472 | D:5      | Reached XP level 8. HP: 70/71 MP: 7/9
  4508 | D:5      | Reached skill level 7 in Fighting
  4632 | D:5      | Got an ivory morningstar
  5243 | D:6      | Found Sento's Serpentskin Sales.
  5296 | D:6      | Reached skill level 10 in Axes
  5637 | D:6      | Reached skill level 8 in Fighting
  5697 | D:6      | Reached **** piety under Uskayaw
  6146 | D:6      | Reached XP level 9. HP: 81/81 MP: 11/11
  7215 | D:7      | Reached skill level 5 in Invocations
  7365 | D:7      | Found a bloodstained altar of Trog.
  7366 | D:7      | Noticed a wizard
  7371 | D:7      | Killed a wizard
  7444 | D:8      | Found a blossoming altar of Fedhas.
  7674 | D:8      | Reached skill level 5 in Shields
  7896 | D:8      | Noticed Joseph
  7910 | D:8      | Killed Joseph
  7910 | D:8      | Reached skill level 9 in Fighting
  8150 | D:8      | Noticed Maurice
  8170 | D:8      | Killed Maurice
  8464 | D:9      | Reached XP level 10. HP: 62/91 MP: 13/13
  8606 | D:9      | Got a topaz-encrusted chain mail
  8607 | D:9      | Identified the +4 chain mail of Numex {+Inv rF+ Stlth+} (You found it on level 9 of the Dungeon)
  8646 | D:9      | Noticed a two-headed ogre
  8657 | D:9      | Killed a two-headed ogre
  8793 | D:9      | Noticed a centaur warrior
  8803 | D:9      | Killed a centaur warrior
  9129 | D:9      | Reached skill level 10 in Fighting
  9327 | D:9      | Found a staircase to the Lair.
  9510 | D:9      | Noticed an ice statue
  9943 | D:10     | Entered Level 10 of the Dungeon
  9977 | D:10     | Reached ***** piety under Uskayaw
 10230 | D:10     | Noticed microfolk's ghost (journeyman KoBe)
 10255 | D:10     | Killed microfolk's ghost
 10255 | D:10     | Reached XP level 11. HP: 98/101 MP: 16/16
 10301 | D:10     | Reached ****** piety under Uskayaw
 10564 | D:10     | Found a staircase to the Orcish Mines.
 10808 | D:10     | Noticed a two-headed ogre
 10816 | D:10     | Killed a two-headed ogre
 11146 | Lair:1   | Entered Level 1 of the Lair of Beasts
 11222 | Lair:1   | Reached skill level 11 in Fighting
 11330 | Lair:1   | Noticed an oklob plant
 11720 | Lair:1   | Reached skill level 10 in Invocations
 12402 | Lair:2   | Found a staircase to the Snake Pit.
 12512 | Lair:2   | Noticed a seven-headed hydra
 12521 | Lair:1   | Killed a five-headed hydra
 13020 | Lair:2   | Reached XP level 12. HP: 45/110 MP: 19/19
 13409 | Lair:2   | Reached skill level 1 in Dodging
 13837 | Lair:3   | Identified a scroll of acquirement
 13838 | Lair:3   | Got a fine silver ring
 13840 | Lair:3   | Identified the ring of Xom's Malicious Joy {rPois rN+ Str+3 Int+4 Stlth+} (You acquired it on level 3 of the Lair of Beasts)
 14302 | Lair:3   | Found a frozen archway.
 14322 | Lair:3   | Reached skill level 12 in Fighting
 14429 | Lair:3   | Found a staircase to the Shoals.
 14442 | Lair:3   | Reached skill level 5 in Armour
 15200 | Lair:4   | Noticed Nergalle
 15222 | Lair:4   | Killed Nergalle
 15425 | Lair:4   | Noticed a death yak
 15426 | Lair:4   | Noticed a death yak
 15428 | Lair:4   | Noticed a death yak
 15429 | Lair:4   | Noticed a death yak
 15430 | Lair:4   | Noticed a death yak
 15442 | Lair:4   | Killed a death yak
 15448 | Lair:4   | Killed a death yak
 15454 | Lair:4   | Killed a death yak
 15457 | Lair:4   | Killed a death yak
 15460 | Lair:4   | Killed a death yak
 16215 | Lair:5   | Reached XP level 13. HP: 108/119 MP: 21/21
 16869 | Lair:5   | Reached skill level 5 in Dodging
 16938 | Lair:5   | Found a viscous altar of Jiyva.
 16939 | Lair:5   | Found a staircase to the Slime Pits.
 18315 | D:11     | Got a smoking hunting sling
 18328 | D:11     | Identified the +11 hunting sling "Goassets" {freeze, MR+} (You found it on level 11 of the Dungeon)
 18395 | D:11     | Reached skill level 13 in Fighting
 18748 | D:12     | Noticed Harold
 18776 | D:12     | Killed Harold
 19338 | D:12     | Reached skill level 10 in Shields
 19964 | D:12     | Noticed Kirke
 20093 | D:12     | Killed Kirke
 20166 | D:12     | Found a roughly hewn altar of Beogh.
 20278 | D:12     | Reached skill level 15 in Axes
 20384 | D:13     | Reached XP level 14. HP: 129/129 MP: 23/23
 20419 | D:13     | Noticed Snorg
 20440 | D:13     | Killed Snorg
 20946 | D:13     | Noticed Nessos
 20962 | D:13     | Killed Nessos
 21300 | D:13     | Noticed Azrael
 21320 | D:13     | Killed Azrael
 21852 | Snake:1  | Entered Level 1 of the Snake Pit
 21935 | Snake:1  | Found a shimmering altar of Xom.
 23094 | Snake:2  | Reached skill level 1 in Slings
 23681 | Snake:2  | Reached skill level 14 in Fighting
 25095 | Snake:3  | Reached XP level 15. HP: 98/138 MP: 24/24
 27213 | Snake:4  | Entered Level 4 of the Snake Pit
 27348 | Orc:1    | Entered Level 1 of the Orcish Mines
 27805 | Orc:2    | Entered Level 2 of the Orcish Mines
 27814 | Orc:2    | Found a staircase to the Elven Halls.
 27830 | Orc:2    | Found Butadeasm's Antique Weapon Boutique.
 27870 | Orc:2    | Found a roughly hewn altar of Beogh.
 28018 | Orc:2    | Found Otodwuri's Antique Armour Shop.
 28022 | Orc:2    | Found Baiclito's Food Shop.
 28124 | Orc:2    | Found a roughly hewn altar of Beogh.
 28201 | Orc:2    | Found a roughly hewn altar of Beogh.
 28212 | Orc:2    | Found Zukkaisoss's Antique Armour Shop.
 28262 | Orc:2    | Found a roughly hewn altar of Beogh.
 28263 | Orc:2    | Found Sapyatt's Assorted Antiques.
 28273 | Orc:2    | Reached skill level 5 in Slings
 28314 | Orc:2    | Found a roughly hewn altar of Beogh.
 28414 | Orc:2    | Found a roughly hewn altar of Beogh.
 28436 | Orc:2    | Found a roughly hewn altar of Beogh.
 28447 | Orc:2    | Found Huera's Distillery.
 28455 | Orc:2    | Bought a potion of heal wounds for 70 gold pieces
 28455 | Orc:2    | Bought a potion of heal wounds for 70 gold pieces
 28544 | Orc:2    | Noticed an orc warlord
 28557 | Orc:2    | Killed an orc warlord
 28843 | Orc:2    | Found Yteone's Antique Armour Boutique.
 28845 | Orc:2    | Found a roughly hewn altar of Beogh.
 28848 | Orc:2    | Found Lyuweufi's Antique Weapon Shop.
 28859 | Orc:2    | Bought a runed hat for 224 gold pieces
 28920 | Orc:2    | Bought 2 potions of heal wounds for 140 gold pieces
 28920 | Orc:2    | Bought a potion of heal wounds for 70 gold pieces
 29018 | Orc:2    | Bought a runed scarf for 264 gold pieces
 29217 | Shoals:1 | Entered Level 1 of the Shoals
 30308 | Shoals:1 | Reached skill level 15 in Fighting
 30308 | Shoals:1 | Reached skill level 15 in Invocations
 31126 | Shoals:2 | Found a flickering gateway to a bazaar.
 31126 | Shoals:2 | Noticed Polyphemus
 31184 | Shoals:2 | Noticed Louise
 31188 | Shoals:2 | Cast into level 2 of the Abyss (Louise)
 31349 | Abyss:3  | Reached skill level 10 in Dodging
 31410 | Abyss:3  | Reached XP level 16. HP: 123/149 MP: 26/26
 31442 | Abyss:3  | Noticed an ancient lich
 31447 | Abyss:3  | Killed an ancient lich
 31451 | Abyss:3  | Paralysed by accursed screaming for 1 turns
 31452 | Shoals:2 | Escaped the Abyss
 31763 | Bazaar   | Entered a bazaar
 31775 | Bazaar   | Found Zohyublu's Weapon Emporium.
 31776 | Bazaar   | Found Raopity's Weapon Emporium.
 31813 | Bazaar   | Found Ybbuus's Weapon Shoppe.
 31813 | Bazaar   | Found Siti's Weapon Shoppe.
 31888 | Shoals:2 | Killed Polyphemus
 31914 | Shoals:2 | Noticed Jorgrun
 31929 | Shoals:2 | Killed Jorgrun
 33066 | Shoals:2 | Killed Louise
 33622 | Shoals:3 | Reached skill level 16 in Fighting
 33747 | Shoals:3 | Noticed Aizul
 33801 | Shoals:3 | Killed Aizul
 34069 | Shoals:3 | Noticed Roxanne
 35481 | D:15     | Entered Level 15 of the Dungeon
 35630 | D:15     | Found a glowing golden altar of the Shining One.
 35724 | D:15     | Reached XP level 17. HP: 152/159 MP: 28/28
 36199 | D:15     | Found a staircase to the Depths.
 36604 | Shoals:4 | Entered Level 4 of the Shoals
 36622 | Shoals:4 | Noticed Ilsuiw
 38719 | Snake:4  | Reached skill level 15 in Shields
 38959 | Snake:4  | Reached skill level 17 in Fighting
 39671 | Snake:4  | Got a serpentine rune of Zot
 40801 | Shoals:4 | Killed Ilsuiw
 42241 | Shoals:4 | Reached XP level 18. HP: 98/171 MP: 29/29
 43175 | Shoals:4 | Got a barnacled rune of Zot
 43869 | Depths:1 | Entered Level 1 of the Depths
 44030 | D:15     | Reached skill level 18 in Fighting
 44353 | Depths:1 | Found a snail-covered altar of Cheibriados.
 46616 | Depths:1 | Reached skill level 10 in Armour
 46824 | Depths:1 | Paralysed by a floating eye for 3 turns
 47419 | Depths:1 | Found a gateway to Hell.
 47537 | Depths:1 | Noticed a lich
 47550 | Depths:1 | Killed a lich
 47945 | Depths:1 | Reached XP level 19. HP: 181/181 MP: 30/30
 48921 | Depths:3 | Reached skill level 19 in Fighting
 50506 | Elf:1    | Entered Level 1 of the Elven Halls
 50697 | Elf:1    | Identified the Papyrus of Creative Attacks
 50934 | Elf:1    | Noticed Agnes
 50950 | Elf:1    | Killed Agnes
 51231 | Elf:1    | Found the +3 robe of Folly {Archmagi, MR-- Int+5}
 52048 | Elf:2    | Reached XP level 20. HP: 170/192 MP: 32/32
 52144 | Elf:2    | Reached XP level 21. HP: 199/199 MP: 33/33
 52301 | Elf:2    | Found a huge runed gate.
 52301 | Elf:2    | Found a huge runed gate.
 52301 | Elf:2    | Found a huge runed gate.
 52301 | Elf:2    | Found a huge runed gate.
 52301 | Elf:2    | Found a huge runed gate.
 52457 | Elf:2    | Got a pair of ancient gloves
 52948 | Elf:2    | Reached skill level 5 in Evocations
 53512 | Elf:2    | Identified the +1 pair of gloves "Qioleet" {rF+} (You found it on level 2 of the Elven Halls)
 53578 | Elf:3    | Entered Level 3 of the Elven Halls
 53730 | Elf:3    | Reached skill level 20 in Fighting
 53782 | Elf:3    | Found Paulif's Assorted Antiques.
 53783 | Elf:3    | Found an ancient bone altar of Kikubaaqudgha.
 54671 | Elf:3    | Cast into level 2 of the Abyss (a deep elf sorcerer)
 54697 | Abyss:2  | Gained mutation: Your flesh is heat resistant. (rF+) [a neqoxec]
 54975 | Elf:3    | Escaped the Abyss
 56377 | Depths:2 | Found a one-way gate leading to the halls of Pandemonium.
 58759 | Depths:3 | Reached XP level 22. HP: 122/211 MP: 34/34
 59686 | Depths:4 | Reached skill level 15 in Dodging
 60007 | Depths:4 | Got spiked fire dragon scales
 60014 | Depths:4 | Identified the +8 fire dragon scales "Zydiweb" {+Fly rF++ rC-} (You took it off a spriggan berserker on level 4 of the Depths)
 60166 | Depths:4 | Found a one-way gate to the infinite horrors of the Abyss.
 60325 | Depths:4 | Paralysed by a floating eye for 2 turns
 60910 | Depths:4 | Reached skill level 21 in Fighting
 60960 | Depths:4 | Got a pair of brightly glowing gloves
 60961 | Depths:4 | Identified the cursed +0 pair of gloves of Dosoc {rN+} (You found it on level 4 of the Depths)
 61787 | Depths:5 | Entered Level 5 of the Depths
 62030 | Depths:3 | Reached skill level 10 in Slings
 62319 | Depths:3 | Found a deep blue altar of Sif Muna.
 63185 | Depths:3 | Found Manymaum's Slaves and Accessories.
 63265 | Depths:3 | Found Jack's Jerk-a-riffic Jerky.
 63499 | Depths:3 | Found Evaxzax's Miraculous Elixirs.
 63567 | Depths:3 | Found The Legendary Bagedam's Legendary Smithy.
 64360 | D:13     | Found a gate to the Vaults.
 64373 | D:13     | Reached XP level 23. HP: 220/220 MP: 35/35
 64453 | Vaults:1 | Entered Level 1 of the Vaults
 64771 | Vaults:1 | Noticed emiel's ghost (veteran FoNe)
 64813 | Vaults:1 | Killed emiel's ghost
 65460 | Vaults:1 | Paralysed by a wizard for 2 turns
 65843 | Vaults:1 | Reached skill level 10 in Evocations
 66771 | Vaults:2 | You fall through a shaft for 2 floors!
 67435 | Vaults:4 | Reached skill level 22 in Fighting
 67685 | Vaults:4 | Found the brooch of Shielding {Reflect SH+8}
 70326 | Vaults:3 | Found a staircase to the Crypt.
 70333 | Vaults:3 | Reached XP level 24. HP: 229/233 MP: 35/35
 70843 | Vaults:3 | Found Boneffeh's Armour Emporium.
 71749 | Vaults:3 | Got a brightly glowing hand axe
 71751 | Vaults:3 | Identified the +6 hand axe of Beogh's Condemnation {chaos, +Inv rPois MR+++ Str+2} (You found it on level 3 of the Vaults)
 71988 | Vaults:3 | Noticed Jory
 72013 | Vaults:3 | Killed Jory
 72174 | Vaults:3 | Found Hoiraic's Antique Weapon Boutique.
 72999 | Depths:5 | Found a deep blue altar of Sif Muna.
 73204 | Depths:5 | Reached skill level 23 in Fighting
 73672 | Depths:5 | Found a portal to a secret trove of treasure.
 73873 | Depths:5 | Found a gateway to a ziggurat.
 74030 | Depths:5 | Found a gate to the Realm of Zot.
 74886 | Vaults:5 | Entered Level 5 of the Vaults
 75290 | Vaults:5 | Noticed an ancient lich
 75320 | Vaults:5 | Killed an ancient lich
 75531 | Vaults:5 | Noticed Sojobo
 75543 | Vaults:5 | Reached XP level 25. HP: 138/245 MP: 11/35
 75545 | Vaults:5 | Killed Sojobo
 75604 | Vaults:5 | Reached skill level 24 in Fighting
 75660 | Vaults:5 | Noticed an ancient lich
 76802 | Vaults:5 | Killed an ancient lich
 77860 | Vaults:5 | Found Agroteod's Food Shoppe.
 77895 | Vaults:5 | Reached skill level 25 in Fighting
 78505 | Vaults:5 | Got a silver rune of Zot
 79176 | Zot:1    | Entered Level 1 of the Realm of Zot
 79516 | Zot:1    | Reached XP level 26. HP: 257/257 MP: 35/35
 79933 | Zot:1    | Learned a level 1 spell: Summon Butterflies
 80048 | Zot:1    | Reached skill level 1 in Summonings
 80357 | Zot:2    | Noticed an orb of fire
 80361 | Zot:2    | Gained mutation: You are frail. (-10% HP) [an orb of fire]
 80367 | Zot:2    | Killed an orb of fire
 81576 | Zot:2    | Noticed an orb of fire
 81578 | Zot:2    | Gained mutation: Your body sometimes deteriorates upon taking damage. [an orb of fire]
 81589 | Zot:2    | Gained mutation: Armour fits poorly on your strangely shaped body. [an orb of fire]
 81591 | Zot:2    | Gained mutation: You are very frail. (-20% HP) [an orb of fire]
 81595 | Zot:2    | Killed an orb of fire
 81607 | Zot:1    | Lost mutation: Armour fits poorly on your strangely shaped body. [potion of mutation]
 81607 | Zot:1    | Gained mutation: You have a pair of large horns on your head. [potion of mutation]
 81607 | Zot:1    | Gained mutation: You passively map a small area around you. [potion of mutation]
 81608 | Zot:1    | Lost mutation: You are very frail. (-20% HP) [potion of mutation]
 81608 | Zot:1    | Lost mutation: You have a pair of large horns on your head. [potion of mutation]
 81608 | Zot:1    | Lost mutation: You are frail. (-10% HP) [potion of mutation]
 81608 | Zot:1    | Lost mutation: You passively map a small area around you. [potion of mutation]
 81608 | Zot:1    | Gained mutation: You are partially covered in yellow scales. (AC +2) [potion of mutation]
 81608 | Zot:1    | Gained mutation: Potions are less effective at restoring your health. [potion of mutation]
 81608 | Zot:1    | Gained mutation: You are robust. (+10% HP) [potion of mutation]
 81608 | Zot:1    | Gained mutation: You are somewhat resistant to further mutation. [potion of mutation]
 81776 | Zot:2    | Reached skill level 26 in Fighting
 82036 | Zot:2    | HP: 7/429 [acid (17)]
 82046 | Zot:1    | HP: 4/286 [acid (4)]
 82047 | Zot:1    | Slain by an acid blob

Skill      XL: |  1  2  3  4  5  6  7  8  9 10 11 12 13 14 15 16 17 18 19 20 21 22 23 24 25 26 |
---------------+-------------------------------------------------------------------------------+-----
Axes           | 3 4 5 6 7 8 10 11 12 13 14 15 16 17 18 19 20 21 22 23 | 23.8
Fighting       | 4 5 6 8 9 10 11 12 13 14 15 16 17 18 19 20 21 22 23 25 26 | 26.2
Invocations    | 1 2 4 6 8 10 12 13 14 15 16 17 18 | 18.5
Shields        | 4 6 7 9 10 11 12 14 15 | 15.0
Dodging        | 4 6 8 10 12 13 14 15 17 18 20 21 | 21.8
Armour         | 6 7 10 12 | 12.0
Slings         | 3 6 8 10 12 13 14 | 14.0
Evocations     | 4 7 9 10 | 10.0
Summonings     | 3 |  3.1

Action                   |  1- 3 |  4- 6 |  7- 9 | 10-12 | 13-15 | 16-18 | 19-21 | 22-24 | 25-27 || total
-------------------------+-------+-------+-------+-------+-------+-------+-------+-------+-------++-------
Melee: War axe           |   121 |    76 |   300 |   235 |   233 |       |       |       |       ||   965
       Headbutt          |    16 |    13 |    57 |   145 |   291 |   395 |   302 |   478 |   204 ||  1901
       Battleaxe         |       |       |       |   295 |    85 |       |       |       |       ||   380
       Broad axe         |       |       |       |       |   947 |  1394 |  1059 |  1564 |   644 ||  5608
 Fire: Hunting sling     |       |       |       |       |     4 |   108 |       |       |       ||   112
       Fustibalus        |       |       |       |       |       |       |     8 |    73 |   194 ||   275
Throw: Tomahawk          |       |       |       |    14 |    25 |    45 |       |       |     1 ||    85
Invok: Line Pass         |       |       |     2 |     2 |     1 |     2 |       |     1 |     1 ||     9
       Grand Finale      |       |       |       |     4 |     3 |     6 |     1 |     5 |     4 ||    23
       Stomp             |       |       |       |       |     2 |       |       |       |       ||     2
Evoke: Wand              |       |       |       |       |     2 |       |       |     2 |     1 ||     5
       Phial of floods   |       |       |       |       |       |       |       |       |     1 ||     1
  Use: Potion            |       |     2 |     2 |     5 |     4 |     7 |     1 |     5 |    11 ||    37
       Scroll            |       |     8 |     2 |    18 |     5 |     4 |     9 |    19 |    24 ||    89
 Stab: Paralysed         |       |     3 |    15 |    36 |   120 |   165 |   127 |   223 |    90 ||   779
       Confused          |       |       |     1 |     1 |       |     1 |       |       |     1 ||     4
       Petrified         |       |       |       |       |     1 |       |       |       |       ||     1
  Eat: Chunk             |     3 |     6 |     8 |    28 |    31 |    30 |    18 |    38 |    11 ||   173
       Ration            |       |       |     2 |     1 |     6 |     8 |     5 |     6 |     4 ||    32
Armor: Scale mail        |    61 |    39 |    68 |    13 |       |       |       |       |       ||   181
       Plate armour      |       |       |       |   225 |   369 |   373 |   273 |   294 |    31 ||  1565
       Gold dragon scale |       |       |       |       |       |       |       |       |   215 ||   215
Dodge: Dodged            |    45 |    25 |    96 |   231 |   480 |   540 |   399 |   611 |   294 ||  2721
Block: Shield            |    63 |    28 |   102 |   111 |   710 |   742 |   566 |   757 |   376 ||  3455
